cohdb
Replays
Latest Replays
All Replays
Popular Replays
Top Player Replays
Match Explorer
How It Works
Community
CoH3 Stats
Reddit
Sign in to upload your games and track your stats! →
Sign in with Steam
Match 44538459
Unlisted
Match 44538459
Overview
Messages
Build Orders
End
Royal Engineer Section
Royal Engineer Section
Construct Section Command Post
Selects Heavy Armor Battlegroup
Infantry Section
Infantry Section
Construct Platoon Command Post
Selects Engineer Detachments
Humber Armored Car
Grenade Package
Royal Engineer Section
Construct Field Infirmary
FK9DD
Barbarossa
0
0
Comments
sign in to comment!
No comments posted yet!